 Dungeon Crawl Stone Soup version 0.28.0-53-g5a82cb258f (webtiles) character file.

Game seed: 16846888091441873685

137 markt42 the Cudgeller (level 5, -5/33 HPs)
             Began as a Gargoyle Fighter on June 6, 2022.
             Slain by an orc warrior
             ... wielding a +0 battleaxe
              (9 damage)
             ... on level 6 of the Dungeon.
             The game lasted 00:03:51 (3528 turns).

markt42 the Cudgeller (Gargoyle Fighter)            Turns: 3528, Time: 00:03:52

Health: -5/33      AC: 12    Str: 19    XL:     5   Next: 20%
Magic:  5/5        EV:  9    Int:  9    God:
Gold:   90         SH:  4    Dex: 11    Spells: 4/4 levels left

rFire   . . .      SeeInvis .   a - +0 flail
rCold   . . .      Faith    .   c - +0 buckler
rNeg    + . .      Spirit   .   b - +0 scale mail
rPois   ∞          Reflect  .   (no helmet)
rElec   +          Harm     .   (no cloak)
rCorr   .          Rampage  .   (no gloves)
Will    .....                   k - +0 pair of boots
Stlth   ..........              (no amulet)
HPRegen 0.11/turn               (no ring)
MPRegen 0.09/turn               (no ring)

@: hasted, very quick
A: sickness immunity, AC +4, negative energy resistance 1, electricity
resistance, torment resistance 1, petrification resistance
a: no special abilities


You were on level 6 of the Dungeon.
You visited 1 branch of the dungeon, and saw 5 of its levels.

You collected 90 gold pieces.

Inventory:

Hand Weapons
 a - a +0 flail (weapon)
Armour
 b - a +0 scale mail (worn)
 c - a +0 buckler (worn)
 k - a +0 pair of boots (worn)
Scrolls
 e - 3 scrolls of identify {unknown}
 f - 3 scrolls of teleportation {unknown}
 g - a scroll of enchant armour {unknown}
 h - a scroll of magic mapping {unknown}
 i - a scroll of noise {unknown}
 j - 2 scrolls of immolation {unknown}
 l - a scroll of enchant weapon {unknown}


   Skills:
 + Level 3.6 Fighting
 * Level 4.1 Maces & Flails
 * Level 3.9 Armour
 * Level 4.0 Shields


You had 4 spell levels left.
You didn't know any spells.
Your spell library contained the following spells:

 Spells                   Type           Power      Damage    Failure   Level
 Ozocubu's Armour         Ice            0%         N/A       99%         3
 Ozocubu's Refrigeration  Ice            0%         4d5       100%        7


Dungeon Overview and Level Annotations

Branches:
Dungeon (4/15)
 Temple: D:4-7

Altars:
Wu Jian
Xom

Shops:
D:4 [

Annotations:
D:4 Dowan, Duvessa


Innate Abilities, Weirdness & Mutations

You are immune to sickness and miasma.
Your stone body is resilient. (AC +4)
You are immune to poison.
You resist negative energy. (rN+)
You are resistant to electric shocks. (rElec)
You are resistant to unholy torment.
You are immune to petrification.


Message History

The orc wizard is severely wounded.
The orc wizard points at you and mumbles some strange words.
The puff of flame misses you.
You barely miss the orc wizard.
The orc wizard is severely wounded.
The orc wizard hits you but does no damage.
You hit the orc wizard.
The orc wizard is severely wounded.
The orc wizard hits you but does no damage. x2
You sock the orc wizard!
You kill the orc wizard!
Your Maces & Flails skill increases to level 4!
You have reached level 5!
You start waiting.
An orc warrior comes into view. It is wielding a +0 battleaxe.
An orc warrior is nearby!
The orc warrior shouts!
You open the door.
There is an open door here.
You feel yourself speed up. The orc warrior closely misses you.
Sorry, you're not good enough to have a special ability.
Unknown command.
You closely miss the orc warrior.
The orc warrior hits you with a +0 battleaxe!
You sock the orc warrior!
The orc warrior is moderately wounded.
The orc warrior hits you with a +0 battleaxe!
You hit the orc warrior but do no damage.
The orc warrior is moderately wounded.
You hit the orc warrior.
The orc warrior is heavily wounded.
The orc warrior hits you with a +0 battleaxe!
* * * LOW HITPOINT WARNING * * *
You thump the orc warrior!
The orc warrior is severely wounded.
The orc warrior barely misses you.
You hit the orc warrior but do no damage.
The orc warrior is severely wounded.
The orc warrior hits you with a +0 battleaxe!
You die...

######################
..'............+.....#
..#............#@....#
..#............#o....#
..#............#.....#
#'####....###'####...#
..###########..###...#
................#....#
................'....#
................#....#
.##.##...####.########


You could see an orc warrior.

Vanquished Creatures
  An orc wizard (D:6)
  3 gnolls (D:3)
  An adder (D:4)
  3 dart slugs
  3 orcs (D:6)
  5 ball pythons
  3 bats
  8 endoplasms
  4 giant cockroaches
  6 goblins
  2 hobgoblins
  4 jackals (D:3)
  7 kobolds
  2 quokkas (D:2)
  5 frilled lizards
  7 rats
64 creatures vanquished.

Notes
Turn   | Place    | Note
-------+----------+-------------------------------------------
     0 | D:1      | markt42 the Gargoyle Fighter began the quest for the Orb.
     0 | D:1      | Reached XP level 1. HP: 14/14 MP: 1/1
   130 | D:1      | Reached XP level 2. HP: 15/19 MP: 2/2
   791 | D:1      | Found a faded altar of an unknown god.
   961 | D:2      | Found a shimmering altar of Xom.
   977 | D:2      | Reached XP level 3. HP: 16/23 MP: 3/3
  2102 | D:3      | Reached XP level 4. HP: 20/28 MP: 4/4
  2862 | D:3      | Found a faded altar of an unknown god.
  2865 | D:3      | Found an ornate altar of the Wu Jian Council.
  2983 | D:4      | Found Dippischi's Antique Armour Shop.
  2984 | D:4      | Noticed Duvessa
  3018 | D:4      | Noticed Dowan
  3388 | D:4      | You fall into a shaft and drop 2 floors!
  3485 | D:6      | Reached XP level 5. HP: 33/33 MP: 5/5
  3496 | D:6      | Noticed an orc warrior
  3528 | D:6      | Slain by an orc warrior

Illustrated notes

Levels and vault maps discovered:
D:1:      dpeg_arrival_snail, layout_basic, dreamdust_ecumenical_altar_grove
D:2:      layout_rooms, basic_altar
D:3:      layout_rooms, nicolae_overflow_ecumenical_swirl
D:4:      layout_loops_corners, okawaru_altar_gauntlet_db,
          nicolae_stop_n_shop_1, uniq_crazy_yiuf_cottage, uniq_duvessa
D:6:      minmay_angry_zag, layout_gridville

Skill      XL: |  1  2  3  4 |
---------------+-------------+-----
Maces & Flails | 3 4 |  4.1
Shields        | 4 |  4.0
Fighting       | |  3.6
Armour         | |  3.9

Action                   |  1- 3 |  4- 6 || total
-------------------------+-------+-------++-------
Melee: Flail             |   157 |    91 ||   248
  Use: Potion            |     4 |     4 ||     8
Armor: Scale mail        |    76 |    67 ||   143
Dodge: Dodged            |    64 |    45 ||   109
Block: Buckler           |    31 |    23 ||    54
